 Dungeon Crawl Stone Soup version 0.29.0-4-gdea44cf6ec (webtiles) character file.

Game seed: 6395337018965353990

13500 qw the Grappler (level 11, -5/102 HPs)
             Began as a Troll Cinder Acolyte on Aug 30, 2022.
             Was an Initiate of Ignis.
             Slain by a 13-headed hydra (8 damage)
             ... on level 2 of the Lair of Beasts.
             The game lasted 00:05:41 (9070 turns).

qw the Grappler (Troll Cinder Acolyte)              Turns: 9070, Time: 00:05:42

Health: -5/102     AC: 13    Str: 28    XL:     11   Next: 76%
Magic:  11/11      EV:  7    Int: 10    God:    Ignis [......]
Gold:   371        SH: 18    Dex:  5    Spells: 12/12 levels left

rFire   + . .      SeeInvis .     - Unarmed
rCold   . . .      Faith    .   d - +0 kite shield
rNeg    . . .      Spirit   .   a - +2 swamp dragon scales
rPois   +          Reflect  +   (helmet restricted)
rElec   .          Harm     .   e - +0 cloak
rCorr   .          Rampage  .   (gloves unavailable)
Will    ++...      Clarity  +   (boots unavailable)
Stlth   ..........              c - amulet of reflection
HPRegen 1.07/turn               h - ring of willpower
MPRegen 0.12/turn               q - ring of willpower

@: about to teleport
A: large, unfitting armour, claws 3, regeneration 1, shaggy fur 1, tough skin 1,
large bone plates 1, clarity
a: Renounce Religion, Rising Flame


You were on level 2 of the Lair of Beasts.
You worshipped Ignis.
Ignis was noncommittal.
You visited 2 branches of the dungeon, and saw 11 of its levels.

You collected 604 gold pieces.
You spent 233 gold pieces at shops.


Innate Abilities, Weirdness & Mutations

You are too large for most types of armour.
You have claws for hands.
Your natural rate of healing is unusually fast.
You are covered in fur. (AC +1)
You have tough skin. (AC +1)
You are partially covered in large bone plates. (SH +4)
You possess an exceptional clarity of mind.


   Skills:
 + Level 5.1 Fighting
 - Level 2.1 Throwing
 - Level 3.2 Armour
 - Level 1.0 Dodging
 - Level 10.1 Shields
 - Level 14.0 Unarmed Combat
 - Level 1.0 Spellcasting
 - Level 2.1 Fire Magic


You had 12 spell levels left.
You didn't know any spells.
Your spell library contained the following spells:

 Spells                   Type           Power      Damage    Failure   Level
 Scorch                   Fire           8%         2d5       50%         2

Inventory:

Armour
 a - +2 swamp dragon scales (worn)
 d - a +0 kite shield (worn)
 e - a +0 cloak (worn)
Jewellery
 c - an amulet of reflection (around neck)
 h - a ring of willpower (left claw)
 q - a ring of willpower (right claw)
Scrolls
 g - a scroll of identify
 m - 2 scrolls of teleportation
Potions
 b - a potion of ambrosia {unknown}
 f - a potion of might {unknown}
 i - a potion of heal wounds {unknown}
 j - a potion of attraction {unknown}
 k - a potion of curing
 l - 2 potions of haste
 n - a potion of resistance {unknown}
 p - a potion of cancellation {unknown}

Dungeon Overview and Level Annotations

Branches:
Dungeon (9/15)             Temple (0/1) D:5            Lair (2/5) D:9
 Spider (0/4) Lair:2
  Swamp: Lair:2-3    Shoals: Lair:2-3       Orc: D:9-12

Altars:
Fedhas
Gozag
Kikubaaqudgha
Ru
Sif Muna
Uskayaw
Vehumet
Wu Jian
Xom
Yredelemnul
Zin

Shops:
D:6 [*[(   D:8 =


Message History

The ten-headed hydra bites you.
You claw one of the ten-headed hydra's heads off!
The nine-headed hydra grows two more!
You claw the 11-headed hydra!
The 11-headed hydra is severely wounded.
The 11-headed hydra bites you but does no damage.
The 11-headed hydra barely misses you.
You block the 11-headed hydra's attack. x2
The 11-headed hydra bites you but does no damage.
You block the 11-headed hydra's attack. The 11-headed hydra bites you.
You block the 11-headed hydra's attack.
The 11-headed hydra bites you but does no damage.
The 11-headed hydra bites you. The 11-headed hydra barely misses you.
You rip one of the 11-headed hydra's heads off!
The ten-headed hydra grows two more!
You mangle the 12-headed hydra!!
The 12-headed hydra is severely wounded.
You block the 12-headed hydra's attack. The 12-headed hydra bites you.
You block the 12-headed hydra's attack. The 12-headed hydra barely misses you.
The 12-headed hydra bites you.
The 12-headed hydra bites you but does no damage.
You block the 12-headed hydra's attack. The 12-headed hydra bites you!
The 12-headed hydra bites you but does no damage.
The 12-headed hydra closely misses you. You block the 12-headed hydra's attack.
The 12-headed hydra bites you but does no damage.
9068 ||| READING 3 scrolls of teleportation.
As you read the scroll of teleportation, it crumbles to dust.
You feel strangely unstable. The 12-headed hydra closely misses you.
You block the 12-headed hydra's attack. x2
The 12-headed hydra bites you but does no damage.
You block the 12-headed hydra's attack. The 12-headed hydra bites you.
The 12-headed hydra bites you but does no damage.
The 12-headed hydra bites you. The 12-headed hydra bites you!
The 12-headed hydra barely misses you. The 12-headed hydra bites you.
The 12-headed hydra barely misses you.
You barely miss the 12-headed hydra.
The 12-headed hydra is severely wounded.
You rip one of the 12-headed hydra's heads off!
The 11-headed hydra grows two more!
You mangle the 13-headed hydra!!
The 13-headed hydra is almost dead.
The 13-headed hydra bites you. You block the 13-headed hydra's attack.
The 13-headed hydra bites you!
You die... ..........7777777 7.7#777#.%#### ...P....P.7..7¤¤ 77777.7#.%# ....###..77...¤¤ 77.7~../.## .P(......7 ..¤¤ 77..~~...## .#.....#.7. 7¤¤¤

7[¤.~~~7##
.....[...7..7¤¤¤ 7¤.~~~~7
.........77¤¤¤¤~777.7~~~~7
..........7¤¤~~D7¤¤¤7~~~~7
..........77¤~~.@¤¤¤7~~~~7
P........^.777~.¤77777~~~7
.............7777777.77777
................7.7..>7
...##....###..........#
..........###....P#####
#.#........>.....##
#####P...##....###
########...###


You could see a 13-headed hydra.

Vanquished Creatures
  2 hydras (Lair:2)
  3 black mambas
  3 cane toads (Lair:2)
  Maggie (D:7)
  3 komodo dragons
  A rime drake (Lair:2)
  Grinder (D:6)
  A tyrant leech (Lair:2)
  2 hornets
  2 trolls (D:9)
  A polar bear (Lair:1)
  3 blink frogs (Lair:1)
  11 yaks
  3 steam dragons
  4 swamp worms (Lair:2)
  7 water moccasins
  2 black bears
  4 ice beasts
  3 orc warriors
  4 centaurs (D:9)
  2 ogres
  A phantom (D:5)
  6 kobold brigands
  5 bullfrogs
  A gnoll sergeant (D:8)
  3 necrophages
  3 scorpions
  5 wights
  11 killer bees
  2 howler monkeys
  3 orc priests
  A hound (D:5)
  2 jellies
  4 iguanas
  6 orc wizards
  8 gnolls
  7 adders
  2 white imps
  2 ufetubi
  3 worms
  3 dart slugs
  25 orcs
  3 bats
  5 endoplasms
  3 giant cockroaches
  8 goblins
  2 hobgoblins
  6 jackals
  27 kobolds
  4 quokkas
  6 ball pythons
  A frilled lizard (D:1)
  5 rats
236 creatures vanquished.

Vanquished Creatures (others)
  2 orcs (D:7)
  A fungus (Lair:2)
3 creatures vanquished.

Grand Total: 239 creatures vanquished

Notes
Turn   | Place    | Note
-------+----------+-------------------------------------------
     0 | D:1      | qw the Troll Cinder Acolyte began the quest for the Orb.
     0 | D:1      | Reached XP level 1. HP: 22/22 MP: 1/1
     0 | D:1      | 0 ||| qw: Version: 0.1-a-95-gae9e614
     0 | D:1      | 0 ||| qw: Game counter: 4438
     0 | D:1      | 0 ||| qw: Always use a shield: true
     0 | D:1      | 0 ||| qw: God list: Okawaru
     0 | D:1      | 0 ||| qw: Allow faded altars: false
     0 | D:1      | 0 ||| qw: Do Orc after D:15 true
     0 | D:1      | 0 ||| qw: Do second Lair branch before Depths: true
     0 | D:1      | 0 ||| qw: Lair rune preference: random
     0 | D:1      | 0 ||| qw: Plans: Normal
     0 | D:1      | 0 ||| PLANNING D:1-11
   285 | D:1      | Found a faded altar of an unknown god.
   389 | D:1      | Reached XP level 2. HP: 27/29 MP: 2/2
   712 | D:1      | Reached skill level 1 in Throwing
   892 | D:1      | 892 ||| UPGRADING to amulet of reflection.
   897 | D:1      | 897 ||| READING scroll labelled ODGHAUMP PISOQ.
   898 | D:1      | 898 ||| READING scroll labelled KYAL MOUSTRE.
   953 | D:2      | 953 ||| Stepping ~*~*~tactically~*~*~ (stealth).
   957 | D:2      | 957 ||| Stepping ~*~*~tactically~*~*~ (stealth).
   959 | D:2      | 959 ||| Stepping ~*~*~tactically~*~*~ (stealth).
   962 | D:2      | 962 ||| Stepping ~*~*~tactically~*~*~ (outnumbered).
   964 | D:2      | 964 ||| Stepping ~*~*~tactically~*~*~ (outnumbered).
   967 | D:2      | 967 ||| INVOKING Fiery Armour.
   970 | D:2      | Reached skill level 4 in Unarmed Combat
   970 | D:2      | Reached XP level 3. HP: 10/36 MP: 3/3
   970 | D:2      | 970 ||| Stepping ~*~*~tactically~*~*~ (outnumbered).
  1019 | D:2      | 1019 ||| Stepping ~*~*~tactically~*~*~ (stealth).
  1226 | D:2      | 1226 ||| INVOKING Fiery Armour.
  1395 | D:2      | You fall into a shaft and drop 2 floors!
  1411 | D:4      | Noticed a black bear
  1423 | D:4      | Killed a black bear
  1424 | D:4      | Reached skill level 5 in Unarmed Combat
  1424 | D:4      | Reached XP level 4. HP: 40/44 MP: 4/4
  1424 | D:4      | Reached XP level 5. HP: 46/50 MP: 5/5
  1424 | D:4      | 1424 ||| Stepping ~*~*~tactically~*~*~ (outnumbered).
  1426 | D:4      | 1426 ||| Stepping ~*~*~tactically~*~*~ (outnumbered).
  1435 | D:4      | 1435 ||| READING scroll labelled YHOLOH UZEZ.
  1492 | D:4      | Reached skill level 6 in Unarmed Combat
  1495 | D:3      | 1495 ||| Stepping ~*~*~tactically~*~*~ (hiding).
  1686 | D:3      | Found a radiant altar of Vehumet.
  1871 | D:3      | Reached XP level 6. HP: 48/59 MP: 6/6
  1947 | D:3      | Found a shimmering blue altar of Sif Muna.
  2357 | D:3      | 2357 ||| READING scroll labelled ZOLLUS VOPU.
  2358 | D:3      | 2358 ||| READING 5 scrolls of identify.
  2358 | D:3      | 2358 ||| IDENTIFYING murky clear potion
  2359 | D:3      | 2359 ||| READING 4 scrolls of identify.
  2359 | D:3      | 2359 ||| IDENTIFYING purple potion
  2360 | D:3      | 2360 ||| READING 3 scrolls of identify.
  2360 | D:3      | 2360 ||| IDENTIFYING bubbling emerald potion
  2361 | D:3      | 2361 ||| READING 2 scrolls of identify.
  2361 | D:3      | 2361 ||| IDENTIFYING silvery potion
  2362 | D:3      | 2362 ||| DROPPING potion of brilliance.
  2363 | D:3      | 2363 ||| DROPPING potion of invisibility.
  2364 | D:3      | 2364 ||| DROPPING potion of lignification.
  2424 | D:4      | 2424 ||| INVOKING Fiery Armour.
  2430 | D:4      | 2430 ||| Stepping ~*~*~tactically~*~*~ (outnumbered).
  2431 | D:4      | 2431 ||| Stepping ~*~*~tactically~*~*~ (outnumbered).
  2432 | D:4      | 2432 ||| Stepping ~*~*~tactically~*~*~ (outnumbered).
  2433 | D:4      | 2433 ||| STAIRDANCE
  2435 | D:3      | 2435 ||| Stepping ~*~*~tactically~*~*~ (outnumbered).
  2436 | D:3      | 2436 ||| Stepping ~*~*~tactically~*~*~ (outnumbered).
  2514 | D:4      | Found an ancient bone altar of Kikubaaqudgha.
  2528 | D:4      | Reached skill level 7 in Unarmed Combat
  2534 | D:4      | 2534 ||| Stepping ~*~*~tactically~*~*~ (stealth).
  2806 | D:4      | 2806 ||| UPGRADING to +0 cloak.
  2811 | D:4      | 2811 ||| READING scroll labelled NIASITOUGG.
  2833 | D:5      | Entered Level 5 of the Dungeon
  2834 | D:5      | 2834 ||| STAIRDANCE
  2841 | D:5      | 2841 ||| STAIRDANCE
  2847 | D:5      | 2847 ||| STAIRDANCE
  2869 | D:5      | Reached XP level 7. HP: 61/66 MP: 7/7
  2886 | D:5      | Reached skill level 8 in Unarmed Combat
  2895 | D:5      | Noticed a steam dragon
  2901 | D:5      | Killed a steam dragon
  2902 | D:5      | Reached skill level 3 in Fighting
  2916 | D:5      | 2916 ||| Stepping ~*~*~tactically~*~*~ (hiding).
  3085 | D:5      | 3085 ||| DRINKING potion of curing.
  3085 | D:5      | 3085 ||| (to cure confusion)
  3174 | D:5      | Found a staircase to the Ecumenical Temple.
  3298 | D:5      | Reached skill level 9 in Unarmed Combat
  3514 | D:5      | 3514 ||| DRINKING 2 fuming brown potions.
  3515 | D:5      | 3515 ||| DROPPING potion of degeneration.
  3548 | D:6      | 3548 ||| PLANNING SEWER
  3558 | D:6      | Reached XP level 8. HP: 67/75 MP: 8/8
  3558 | D:6      | 3558 ||| STAIRDANCE
  3583 | D:6      | 3583 ||| Stepping ~*~*~tactically~*~*~ (stealth).
  3588 | D:6      | 3588 ||| Stepping ~*~*~tactically~*~*~ (stealth).
  3604 | D:6      | 3604 ||| FLEEEEING.
  3856 | D:6      | 3856 ||| FLEEEEING.
  3858 | D:6      | Found Yrros's Antique Weapon Shoppe.
  3861 | D:6      | 3861 ||| STAIRDANCE
  3871 | D:5      | 3871 ||| UPGRADING to ring of willpower.
  3872 | D:5      | 3872 ||| READING scroll labelled HUYPOW OPLAE.
  3924 | D:6      | 3924 ||| INVOKING Fiery Armour.
  3929 | D:6      | 3929 ||| Stepping ~*~*~tactically~*~*~ (outnumbered).
  3930 | D:6      | 3930 ||| Stepping ~*~*~tactically~*~*~ (outnumbered).
  3932 | D:6      | Reached skill level 10 in Unarmed Combat
  3995 | D:6      | Noticed Grinder
  3996 | D:6      | 3996 ||| Stepping ~*~*~tactically~*~*~ (hiding).
  3997 | D:6      | 3997 ||| Stepping ~*~*~tactically~*~*~ (hiding).
  4000 | D:6      | 4000 ||| Stepping ~*~*~tactically~*~*~ (hiding).
  4001 | D:6      | 4001 ||| Stepping ~*~*~tactically~*~*~ (hiding).
  4002 | D:6      | 4002 ||| Stepping ~*~*~tactically~*~*~ (hiding).
  4009 | D:6      | 4009 ||| Stepping ~*~*~tactically~*~*~ (hiding).
  4019 | D:6      | Killed Grinder
  4156 | D:6      | 4156 ||| RIP SEWER
  4170 | D:6      | 4170 ||| PLANNING D:1-11
  4281 | D:6      | Found a blossoming altar of Fedhas.
  4316 | D:6      | Noticed a hornet
  4323 | D:6      | 4323 ||| INVOKING Fiery Armour.
  4325 | D:6      | Killed a hornet
  4326 | D:6      | HP: 18/79 [white imp/puff of frost (7)]
  4331 | D:6      | HP: 13/79 [poisoned by a hornet]
  4397 | D:6      | Found Fimoebu Puok's Armour Shoppe.
  4405 | D:6      | 4405 ||| BUYING +0 kite shield (67 gold).
  4405 | D:6      | Bought a +0 kite shield for 67 gold pieces
  4405 | D:6      | 4405 ||| BUYING +0 robe of positive energy (70 gold).
  4405 | D:6      | Bought a +0 robe of positive energy for 70 gold pieces
  4405 | D:6      | 4405 ||| SHOPLISTING +1 cloak of preservation (247 gold,
                  | have 113).
  4428 | D:6      | Found Baqax's Assorted Antiques.
  4437 | D:6      | 4437 ||| BUYING potion of curing (96 gold).
  4437 | D:6      | Bought a potion of curing for 96 gold pieces
  4437 | D:6      | 4437 ||| SHOPLISTING scroll labelled EJIETI BYOKE (32 gold,
                  | have 17).
  4437 | D:6      | 4437 ||| SHOPLISTING scroll labelled XUHOAPHITA (32 gold,
                  | have 17).
  4503 | D:6      | Found Uthysoex's Book Emporium.
  4544 | D:6      | Found Akhirer's Armour Emporium.
  4849 | D:6      | 4849 ||| UPGRADING to +0 kite shield.
  4854 | D:6      | 4854 ||| UPGRADING to +0 robe of positive energy.
  4864 | D:6      | 4864 ||| DROPPING +0 robe.
  4865 | D:6      | 4865 ||| READING 3 scrolls labelled YNUNET OGUH.
  4875 | D:7      | 4875 ||| INVOKING Fiery Armour.
  4876 | D:7      | 4876 ||| STAIRDANCE
  4880 | D:6      | Reached skill level 1 in Shields
  4881 | D:7      | Noticed Maggie
  4882 | D:7      | 4882 ||| STAIRDANCE
  4891 | D:7      | 4891 ||| Stepping ~*~*~tactically~*~*~ (outnumbered).
  4892 | D:7      | 4892 ||| STAIRDANCE
  4913 | D:7      | 4913 ||| STAIRDANCE
  4943 | D:7      | 4943 ||| STAIRDANCE
  4958 | D:7      | 4958 ||| Stepping ~*~*~tactically~*~*~ (outnumbered).
  4959 | D:7      | 4959 ||| Stepping ~*~*~tactically~*~*~ (outnumbered).
  4960 | D:7      | 4960 ||| Stepping ~*~*~tactically~*~*~ (outnumbered).
  4967 | D:7      | Reached XP level 9. HP: 61/85 MP: 9/9
  4979 | D:7      | Killed Maggie
  5105 | D:7      | 5105 ||| Stepping ~*~*~tactically~*~*~ (stealth).
  5110 | D:7      | 5110 ||| Stepping ~*~*~tactically~*~*~ (stealth).
  5112 | D:7      | 5112 ||| Stepping ~*~*~tactically~*~*~ (stealth).
  5130 | D:7      | 5130 ||| INVOKING Fiery Armour.
  5136 | D:7      | HP: 21/85 [poisoned by a killer bee]
  5205 | D:7      | Found a basalt altar of Yredelemnul.
  5308 | D:7      | Reached skill level 6 in Shields
  5355 | D:7      | Found a glowing silver altar of Zin.
  5384 | D:7      | Found a shimmering altar of Xom.
  5387 | D:7      | Found a hide-covered altar of Uskayaw.
  5390 | D:7      | Found a sacrificial altar of Ru.
  5419 | D:7      | Found an opulent altar of Gozag.
  5708 | D:7      | 5708 ||| Stepping ~*~*~tactically~*~*~ (stealth).
  5775 | D:7      | 5775 ||| UPGRADING to +2 swamp dragon scales.
  5785 | D:7      | 5785 ||| DROPPING +0 robe of positive energy.
  5786 | D:7      | 5786 ||| READING scroll labelled BAUTOT POFECA.
  5825 | D:7      | 5825 ||| READING scroll labelled KERCHA UMMAYJ.
  5851 | D:8      | 5851 ||| Stepping ~*~*~tactically~*~*~ (outnumbered).
  5852 | D:8      | 5852 ||| Stepping ~*~*~tactically~*~*~ (outnumbered).
  5853 | D:8      | 5853 ||| Stepping ~*~*~tactically~*~*~ (outnumbered).
  5854 | D:8      | 5854 ||| Stepping ~*~*~tactically~*~*~ (outnumbered).
  5855 | D:8      | 5855 ||| Stepping ~*~*~tactically~*~*~ (outnumbered).
  5856 | D:8      | 5856 ||| Stepping ~*~*~tactically~*~*~ (outnumbered).
  5857 | D:8      | 5857 ||| Stepping ~*~*~tactically~*~*~ (outnumbered).
  5858 | D:8      | 5858 ||| Stepping ~*~*~tactically~*~*~ (outnumbered).
  5859 | D:8      | 5859 ||| Stepping ~*~*~tactically~*~*~ (outnumbered).
  5860 | D:8      | 5860 ||| STAIRDANCE
  5862 | D:7      | 5862 ||| Stepping ~*~*~tactically~*~*~ (outnumbered).
  5866 | D:7      | Reached skill level 1 in Armour
  5892 | D:8      | 5892 ||| Stepping ~*~*~tactically~*~*~ (outnumbered).
  5893 | D:8      | 5893 ||| Stepping ~*~*~tactically~*~*~ (outnumbered).
  5894 | D:8      | 5894 ||| Stepping ~*~*~tactically~*~*~ (outnumbered).
  5895 | D:8      | 5895 ||| Stepping ~*~*~tactically~*~*~ (outnumbered).
  5896 | D:8      | 5896 ||| Stepping ~*~*~tactically~*~*~ (outnumbered).
  5897 | D:8      | 5897 ||| Stepping ~*~*~tactically~*~*~ (outnumbered).
  5898 | D:8      | 5898 ||| Stepping ~*~*~tactically~*~*~ (outnumbered).
  5899 | D:8      | 5899 ||| Stepping ~*~*~tactically~*~*~ (outnumbered).
  5900 | D:8      | 5900 ||| Stepping ~*~*~tactically~*~*~ (outnumbered).
  5910 | D:8      | 5910 ||| INVOKING Fiery Armour.
  5976 | D:8      | Found an ornate altar of the Wu Jian Council.
  5994 | D:8      | Reached XP level 10. HP: 94/94 MP: 10/10
  6063 | D:8      | 6063 ||| Stepping ~*~*~tactically~*~*~ (hiding).
  6064 | D:8      | 6064 ||| Stepping ~*~*~tactically~*~*~ (hiding).
  6065 | D:8      | 6065 ||| Stepping ~*~*~tactically~*~*~ (hiding).
  6081 | D:8      | 6081 ||| Stepping ~*~*~tactically~*~*~ (stealth).
  6094 | D:8      | 6094 ||| Stepping ~*~*~tactically~*~*~ (stealth).
  6096 | D:8      | 6096 ||| Stepping ~*~*~tactically~*~*~ (stealth).
  6100 | D:8      | 6100 ||| Stepping ~*~*~tactically~*~*~ (stealth).
  6102 | D:8      | 6102 ||| Stepping ~*~*~tactically~*~*~ (hiding).
  6103 | D:8      | 6103 ||| Stepping ~*~*~tactically~*~*~ (hiding).
  6107 | D:8      | 6107 ||| Stepping ~*~*~tactically~*~*~ (stealth).
  6150 | D:8      | 6150 ||| Stepping ~*~*~tactically~*~*~ (stealth).
  6156 | D:8      | Reached skill level 1 in Dodging
  6164 | D:8      | 6164 ||| INVOKING Fiery Armour.
  6166 | D:8      | 6166 ||| Stepping ~*~*~tactically~*~*~ (outnumbered).
  6185 | D:8      | 6185 ||| Stepping ~*~*~tactically~*~*~ (outnumbered).
  6187 | D:8      | 6187 ||| Stepping ~*~*~tactically~*~*~ (outnumbered).
  6198 | D:8      | Reached skill level 11 in Unarmed Combat
  6325 | D:8      | Found Nyromolli's Jewellery Shop.
  6328 | D:8      | 6328 ||| SHOPLISTING +4 ring of evasion (432 gold, have
                  | 117).
  6328 | D:8      | 6328 ||| SHOPLISTING +6 ring of dexterity (432 gold, have
                  | 117).
  6328 | D:8      | 6328 ||| SHOPLISTING ring of fire (300 gold, have 117).
  6328 | D:8      | 6328 ||| SHOPLISTING ring of ice (300 gold, have 117).
  6328 | D:8      | 6328 ||| SHOPLISTING ring of positive energy (240 gold,
                  | have 117).
  6328 | D:8      | 6328 ||| READING scroll labelled NYFA VICHAHIT.
  6329 | D:8      | 6329 ||| READING 2 scrolls of identify.
  6329 | D:8      | 6329 ||| IDENTIFYING sedimented red potion
  6330 | D:8      | 6330 ||| DROPPING potion of magic.
  6335 | D:8      | 6335 ||| Stepping ~*~*~tactically~*~*~ (stealth).
  6336 | D:8      | 6336 ||| Stepping ~*~*~tactically~*~*~ (stealth).
  6384 | D:9      | 6384 ||| Stepping ~*~*~tactically~*~*~ (stealth).
  6390 | D:9      | 6390 ||| Stepping ~*~*~tactically~*~*~ (outnumbered).
  6393 | D:9      | 6393 ||| Stepping ~*~*~tactically~*~*~ (stealth).
  6506 | D:9      | Found a staircase to the Lair.
  6635 | D:9      | Reached skill level 9 in Shields
  6847 | D:9      | 6847 ||| Stepping ~*~*~tactically~*~*~ (stealth).
  6849 | D:9      | 6849 ||| Stepping ~*~*~tactically~*~*~ (stealth).
  6856 | D:9      | 6856 ||| Stepping ~*~*~tactically~*~*~ (outnumbered).
  6858 | D:9      | 6858 ||| Stepping ~*~*~tactically~*~*~ (outnumbered).
  7178 | D:9      | 7178 ||| PLANNING LAIR
  7178 | D:9      | 7178 ||| UPGRADING to ring of willpower.
  7179 | D:9      | 7179 ||| READING scroll labelled DOKKYV QOZO.
  7208 | Lair:1   | Entered Level 1 of the Lair of Beasts
  7296 | Lair:1   | Reached skill level 12 in Unarmed Combat
  7412 | Lair:1   | 7412 ||| Stepping ~*~*~tactically~*~*~ (stealth).
  7448 | Lair:1   | 7448 ||| Stepping ~*~*~tactically~*~*~ (stealth).
  7533 | Lair:1   | 7533 ||| Stepping ~*~*~tactically~*~*~ (stealth).
  7539 | Lair:1   | 7539 ||| Stepping ~*~*~tactically~*~*~ (outnumbered).
  7546 | Lair:1   | Reached XP level 11. HP: 72/102 MP: 11/11
  7795 | Lair:1   | 7795 ||| INVOKING Fiery Armour.
  7804 | Lair:1   | 7804 ||| Stepping ~*~*~tactically~*~*~ (outnumbered).
  8127 | Lair:1   | 8127 ||| READING 2 scrolls labelled XUHOAPHITA.
  8128 | Lair:1   | 8128 ||| DRINKING 3 amethyst potions.
  8129 | Lair:1   | 8129 ||| DRINKING 2 dark potions.
  8130 | Lair:1   | 8130 ||| DRINKING 2 smoky purple potions.
  8130 | Lair:1   | Gained mutation: You occasionally lose the ability to drink
                  | potions when taking damage. [potion of mutation]
  8130 | Lair:1   | Gained mutation: You are frail. (-10% HP) [potion of
                  | mutation]
  8130 | Lair:1   | Gained mutation: You are clumsy. (Dex -2) [potion of
                  | mutation]
  8131 | Lair:1   | 8131 ||| DRINKING potion of mutation.
  8131 | Lair:1   | Lost mutation: You are clumsy. (Dex -2) [potion of
                  | mutation]
  8131 | Lair:1   | Lost mutation: You occasionally lose the ability to drink
                  | potions when taking damage. [potion of mutation]
  8131 | Lair:1   | Lost mutation: You are frail. (-10% HP) [potion of
                  | mutation]
  8131 | Lair:1   | Gained mutation: You are partially covered in large bone
                  | plates. (SH +4) [potion of mutation]
  8131 | Lair:1   | Gained mutation: You possess an exceptional clarity of
                  | mind. [potion of mutation]
  8146 | Lair:1   | 8146 ||| DROPPING potion of flight.
  8147 | Lair:1   | 8147 ||| DROPPING scroll of blinking.
  8183 | Lair:2   | 8183 ||| INVOKING Fiery Armour.
  8185 | Lair:2   | 8185 ||| STAIRDANCE
  8190 | Lair:1   | Reached skill level 13 in Unarmed Combat
  8197 | Lair:2   | 8197 ||| STAIRDANCE
  8289 | Lair:2   | Noticed a five-headed hydra
  8295 | Lair:2   | Killed a seven-headed hydra
  8318 | Lair:2   | 8318 ||| Stepping ~*~*~tactically~*~*~ (hiding).
  8531 | Lair:2   | 8531 ||| Stepping ~*~*~tactically~*~*~ (stealth).
  8544 | Lair:2   | 8544 ||| Stepping ~*~*~tactically~*~*~ (stealth).
  8548 | Lair:2   | 8548 ||| Stepping ~*~*~tactically~*~*~ (stealth).
  8562 | Lair:2   | Noticed a seven-headed hydra
  8563 | Lair:2   | 8563 ||| Stepping ~*~*~tactically~*~*~ (stealth).
  8565 | Lair:2   | 8565 ||| INVOKING Fiery Armour.
  8569 | Lair:2   | Killed a nine-headed hydra
  8602 | Lair:2   | 8602 ||| Stepping ~*~*~tactically~*~*~ (outnumbered).
  8603 | Lair:2   | 8603 ||| Stepping ~*~*~tactically~*~*~ (hiding).
  8622 | Lair:2   | 8622 ||| FLEEEEING.
  8626 | Lair:2   | 8626 ||| FLEEEEING.
  8627 | Lair:2   | 8627 ||| FLEEEEING.
  8628 | Lair:2   | 8628 ||| FLEEEEING.
  8632 | Lair:2   | 8632 ||| FLEEEEING.
  8633 | Lair:2   | 8633 ||| FLEEEEING.
  8634 | Lair:2   | 8634 ||| FLEEEEING.
  8637 | Lair:2   | 8637 ||| FLEEEEING.
  8638 | Lair:2   | 8638 ||| FLEEEEING.
  8639 | Lair:2   | 8639 ||| FLEEEEING.
  8640 | Lair:2   | 8640 ||| FLEEEEING.
  8641 | Lair:2   | 8641 ||| FLEEEEING.
  8645 | Lair:2   | 8645 ||| FLEEEEING.
  8646 | Lair:2   | 8646 ||| FLEEEEING.
  8647 | Lair:2   | 8647 ||| FLEEEEING.
  8648 | Lair:2   | 8648 ||| FLEEEEING.
  8649 | Lair:2   | 8649 ||| FLEEEEING.
  8650 | Lair:2   | 8650 ||| STAIRDANCE
  8683 | Lair:1   | 8683 ||| READING scroll labelled EJIETI BYOKE.
  8692 | Lair:2   | 8692 ||| STAIRDANCE
  8812 | Lair:2   | Reached skill level 14 in Unarmed Combat
  8825 | Lair:2   | Found a hole to the Spider Nest.
  8825 | Lair:2   | Noticed an orb spider
  8826 | Lair:2   | 8826 ||| INVOKING Fiery Armour.
  8829 | Lair:2   | 8829 ||| READING 5 scrolls of teleportation.
  8830 | Lair:2   | 8830 ||| FLEEEEING.
  8831 | Lair:2   | 8831 ||| FLEEEEING.
  8897 | Lair:2   | Reached skill level 3 in Armour
  8927 | Lair:2   | 8927 ||| READING 4 scrolls of teleportation.
  8928 | Lair:2   | 8928 ||| Stepping randomly (stuck).
  8929 | Lair:2   | 8929 ||| Stepping randomly (stuck).
  8930 | Lair:2   | 8930 ||| FLEEEEING.
  8931 | Lair:2   | 8931 ||| FLEEEEING.
  9047 | Lair:2   | 9047 ||| READING 4 scrolls of teleportation.
  9048 | Lair:2   | 9048 ||| Stepping randomly (stuck).
  9049 | Lair:2   | 9049 ||| FLEEEEING.
  9050 | Lair:2   | 9050 ||| FLEEEEING.
  9051 | Lair:2   | 9051 ||| FLEEEEING.
  9058 | Lair:2   | Noticed a five-headed hydra
  9067 | Lair:2   | HP: 24/102 [12-headed hydra (7)]
  9068 | Lair:2   | 9068 ||| READING 3 scrolls of teleportation.
  9068 | Lair:2   | HP: 6/102 [12-headed hydra (9)]
  9070 | Lair:2   | Slain by a 13-headed hydra

Levels and vault maps discovered:
D:1:      moated_graveyard_arrival, layout_loops_corners,
          dreamdust_ecumenical_altar_hidden_monk_grotto,
          chequers_serial_rivers_large_a, minmay_misc_feat_ornament,
          minmay_crystal_room, moated_statue, kennysheep_nondescript,
          kennysheep_minor_cross
D:2:      layout_rooms, roderic_serpentine_path, minmay_quantized
D:3:      layout_loops_ring, mainiacjoe_overflow_alcove_1,
          mainiacjoe_overflow_boulevard, amcnicky_mini_corridor_feature,
          kennysheep_generic_room_7
D:4:      layout_rooms, mainiacjoe_overflow_alcove_4
D:5:      layout_basic, minmay_temple_entry_glass, abandoned_shop
D:6:      layout_layer_cave, fedhas_altar_4, gup_sewer_entry_bubbles,
          serial_shops, shop, nicolae_diamond_shop, shop, nicolae_diamond_shop,
          nicolae_shop_waterfront, uniq_grinder
D:7:      layout_rooms, grunt_gozag_statues, overflow_temple_1_default,
          grunt_temple_overflow_cloverleaf, uniq_maggie
D:8:      layout_rooms, overflow_temple_1_default, serial_shops, kennysheep_mini
D:9:      minmay_evil_eye, layout_basic, lair_entry_dummy,
          minmay_unpleasant_kobolds
Lair:1:   layout_regular_city, st_stairs_12, grunt_megastairs_4
Lair:2:   layout_misc_corridors, palyth_hydra_swamp_entry,
          nicolae_spider_entry_orb_guardian, grunt_megastairs_1

Skill      XL: |  1  2  3  4  5  6  7  8  9 10 11 |
---------------+----------------------------------+-----
Throwing       | 1 2 |  2.1
Unarmed Combat | 4 5 6 7 9 10 12 14 | 14.0
Fighting       | 3 4 5 |  5.1
Shields        | 2 7 9 10 | 10.1
Armour         | 1 2 3 |  3.2
Dodging        | 1 |  1.0
Spellcasting   | |  1.0
Fire Magic     | |  2.1

Action                   |  1- 3 |  4- 6 |  7- 9 | 10-12 || total
-------------------------+-------+-------+-------+-------++-------
Melee: Unarmed           |    72 |   114 |   282 |   323 ||   791
       Punch             |     1 |     3 |     5 |       ||     9
Throw: Large rock        |    12 |       |       |       ||    12
       Boomerang         |       |       |       |    20 ||    20
Invok: Fiery Armour      |     2 |     1 |     5 |     5 ||    13
  Use: Scroll            |     2 |     7 |     4 |     9 ||    22
       Potion            |       |       |     2 |     4 ||     6
 Stab: Distracted        |       |       |       |     1 ||     1
Armor: Robe              |    26 |    25 |    62 |       ||   113
       Swamp dragon scal |       |       |    12 |   124 ||   136
Dodge: Dodged            |    39 |    26 |    74 |    74 ||   213
Block: Other             |     9 |    22 |    11 |       ||    42
       Reflection        |     3 |     1 |     2 |    12 ||    18
       Kite shield       |       |       |    82 |   258 ||   340

Table legend:
 A = Non-vault XP
 B = Vault XP
 C = Vault XP percentage of total XP
 D = Non-vault monster count
 E = Vault monster count
 F = Vault count percentage of total count
                 A         B        C        D         E       F
            +---------+---------+-------+---------+---------+-------
      Total |   14062 |    5224 |  27.1 |     205 |      32 |  13.5
            +---------+---------+-------+---------+---------+-------
        D:1 |      27 |       0 |   0.0 |      14 |       0 |   0.0
        D:2 |      57 |       7 |  10.9 |      16 |       2 |  11.1
        D:3 |     135 |       2 |   1.5 |      21 |       1 |   4.5
        D:4 |     417 |       0 |   0.0 |      19 |       0 |   0.0
        D:5 |     684 |       0 |   0.0 |      12 |       0 |   0.0
        D:6 |    1108 |     306 |  21.6 |      27 |       7 |  20.6
        D:7 |    1979 |     376 |  16.0 |      33 |       1 |   2.9
        D:8 |    1780 |       0 |   0.0 |      28 |       0 |   0.0
        D:9 |    1510 |     433 |  22.3 |      12 |       8 |  40.0
     Lair:1 |    3663 |     752 |  17.0 |      16 |       4 |  20.0
     Lair:2 |    2702 |    3348 |  55.3 |       7 |       9 |  56.2
            +---------+---------+-------+---------+---------+-------
